 Seeded DCSS version 0.29.1-15-g9cfb28693d (webtiles) character file.

Game seed: 11851575853161599096 (custom seed)

4193 Sanktem7 the Blocker (level 10, -3/79 HPs)
             Began as a Formicid Fighter on Mar 19, 2023.
             Was a Priest of Okawaru.
             Killed from afar by a deep elf pyromancer (10 damage)
             ... with a bolt of fire
             ... on level 8 of the Dungeon.
             The game lasted 00:07:38 (6981 turns).

Sanktem7 the Blocker (Formicid Fighter)             Turns: 6981, Time: 00:07:38

Health: -3/79      AC: 28    Str: 24    XL:     10   Next: 54%
Magic:  13/13      EV: 10    Int: 13    God:    Okawaru [***...]
Gold:   421        SH: 11    Dex: 13    Spells: 9/9 levels left

rFire   . . .      SeeInvis +   l - +0 battleaxe {axe}
rCold   . . .      Faith    .   c - +0 buckler
rNeg    . . .      Spirit   .   v - +15 Maxwell's patent armour {-Cast -Tele rElec Will+ rCorr}
rPois   .          Reflect  +   (helmet unavailable)
rElec   +          Harm     .   (no cloak)
rCorr   +          Rampage  .   (no gloves)
Will    ++...      NoCast   +   (no boots)
Stlth   ..........              L - amulet "Kisy" {Reflect Int+4 SH+5}
HPRegen 0.23/turn               i - +4 ring of evasion
MPRegen 0.13/turn               t - +4 ring of slaying

@: no status effects
A: permanent stasis, dig shafts and tunnels, antennae 3, four strong arms
a: Dig, Shaft Self, Renounce Religion, Heroism


You were on level 8 of the Dungeon.
You worshipped Okawaru.
Okawaru was most pleased with you.
You visited 1 branch of the dungeon, and saw 8 of its levels.

You collected 525 gold pieces.
You spent 104 gold pieces at shops.


Innate Abilities, Weirdness & Mutations

You cannot be hasted, slowed, berserked, paralysed or teleported.
You can dig through walls and to a lower floor.
You have a pair of large antennae on your head. (SInv)
Your four strong arms can wield two-handed weapons with a shield.


   Skills:
 + Level 7.1 Fighting
 * Level 8.5 Axes
 + Level 5.3 Throwing
 + Level 7.1 Armour
 + Level 8.6 Shields
 + Level 4.5 Invocations


You had 9 spell levels left.
You didn't know any spells.
Your spell library contained the following spells:

 Spells                   Type           Power      Damage    Failure   Level
 Shock                    Conj/Air       0%         1d3       99%         1
 Static Discharge         Conj/Air       0%         3-3/arc   100%        2
 Airstrike                Air            0%         2d(0-16)  100%        4
 Alistair's Intoxication  Tmut/Pois      0%         N/A       100%        5
 Borgnjor's Vile Clutch   Necr/Erth      0%         N/A       100%        5
 Iskenderun's Battlesphe  Conj           0%         2d6       100%        5
 Lightning Bolt           Conj/Air       0%         1d11      100%        5
 Eringya's Noxious Bog    Tmut/Pois      0%         N/A       100%        6
 Iron Shot                Conj/Erth      0%         9d1       100%        6
 Maxwell's Capacitive Co  Air            0%         āˆž       100%        8
 Swiftness                Air            Unusable   N/A       N/A         3
 Spellforged Servitor     Conj/Summ      Unusable   N/A       N/A         7

Inventory:

Hand Weapons
 l - a +0 battleaxe (weapon) {axe}
   (You found it on level 2 of the Dungeon)
 C - a +0 whip of venom {mace}
   (You took it off a kobold on level 7 of the Dungeon)
 H - a +2 dagger of protection {short}
   (You took it off a kobold brigand on level 7 of the Dungeon)
 I - a +1 sling of flaming
   (You took it off Joseph on level 7 of the Dungeon)
 J - a +0 dagger of protection {short}
   (You took it off Dowan on level 7 of the Dungeon)
 M - a +1 whip of flaming {mace}
   (You took it off a gnoll bouda on level 8 of the Dungeon)
 P - a +1 mace {mace}
   (You took it off a wight on level 8 of the Dungeon)
 Q - a +1 war axe of freezing {axe}
   (You took it off a wight on level 8 of the Dungeon)
 R - a +3 war axe of freezing {axe}
   (You took it off a wight on level 8 of the Dungeon)
Missiles
 a - 19 poisoned darts {throwing}
 h - 5 boomerangs {throwing}
 o - 79 stones {throwing}
 D - 2 curare-tipped darts {=fthrowing}
Armour
 c - a +0 buckler (worn)
 v - the +15 Maxwell's patent armour (worn) {-Cast -Tele rElec Will+ rCorr}
   (You found it on level 3 of the Dungeon)

   rElec:     It insulates you from electricity.
   -Cast:     It prevents spellcasting.
   -Tele:     It prevents most forms of teleportation.
   rCorr:     It protects you from acid and corrosion.
   Will:      It increases your willpower.
 N - a +0 cloak
   (You took it off Maurice on level 8 of the Dungeon)
Jewellery
 i - a +4 ring of evasion (left hand)
   (You found it on level 2 of the Dungeon)
 t - a +4 ring of slaying (right hand)
   (You found it on level 1 of the Dungeon)
 L - the amulet "Kisy" (around neck) {Reflect Int+4 SH+5}
   (You found it on level 7 of the Dungeon)

   [amulet of reflection]

   It reflects blocked missile attacks.
   Int:       It affects your intelligence (+4).
   SH:        It affects your SH (+5).
 S - a ring of resist corrosion
   (You took it off an orc on level 8 of the Dungeon)
Wands
 w - a wand of paralysis (21)
   (You found it on level 4 of the Dungeon)
 F - a wand of flame (49)
   (You found it on level 6 of the Dungeon)
 O - a wand of iceblast (12)
   (You took it off Maurice on level 8 of the Dungeon)
Scrolls
 j - 5 scrolls of teleportation {unknown}
 m - a scroll of enchant weapon {unknown}
 n - 3 scrolls of blinking {unknown}
 p - 2 scrolls of poison {unknown}
 r - 5 scrolls of identify {@r1}
 s - 3 scrolls of noise {unknown}
 u - 2 scrolls of enchant armour {unknown}
 x - 2 scrolls of fog {unknown}
 y - a scroll of fear {unknown}
 B - a scroll of acquirement {unknown}
 K - a scroll of magic mapping {unknown}
Potions
 b - 3 potions of flight {unknown}
 d - 2 potions of might
 e - 7 potions of curing {@q1}
 f - 6 potions of haste {unknown}
 g - 5 potions of brilliance {unknown}
 k - 2 potions of magic {unknown}
 q - 3 potions of mutation {unknown}
 z - a potion of heal wounds {unknown}
 A - 2 potions of berserk rage {unknown}
 E - a potion of lignification {unknown}
 G - a potion of invisibility

Dungeon Overview and Level Annotations

Branches:
Dungeon (8/15) Zot: 26265  Temple (0/1) D:5
   Lair: D:8-11

Altars:
Okawaru
Uskayaw
Wu Jian
Yredelemnul

Shops:
D:4 [   D:5 [ D:7

* #..............###..#
########)#..8...8..#.# #..#
#........#..#...#).#.###..#
#.######.#..#...#..#...#..# #.#
#.#..#...#..#.#....#### #.#
#.#..#...#..#.###......
#.######.#..#...#..#.###.####.
#.#...##.#..#+++#..#..##.####.
#...#.##.#..'@e.+..#..........
###...##.#..'.Eā—‹+..#.....#####
##.###.#..'...+..#.#########
#######.# ###########.# #.....
##......# ............####.####
##.###### ....#.####.......#
##.# . #.....##.####### ##.#
#.....#...##### ##.#
#.............# .


You could see a deep elf pyromancer and a fire elemental (summoned).


Message History

šŸ˜® HP[+5]
You regained 5 hp, and now have 55/79 hp.
A wyvern is nearby!
The wyvern hisses angrily. šŸ˜® HP[+1]
You slash the wyvern! You block the wyvern's attack.
The wyvern barely misses you.
You hit the wyvern.
The wyvern bites you but does no damage.
You slice the wyvern!!
You kill the wyvern!
Okawaru accepts your kill. šŸ˜® HP[+1]
S - a ring of resist corrosion;
g - 5 silvery potions (gained 1)
r - 5 scrolls of identify {@r1} (gained 1)
You now have 421 gold pieces (gained 9).
You see here a +0 flail {mace}. šŸ˜Ž HP[+22]
Your hp is fully restored (79).
Found a stone staircase leading up.
f - 6 black potions (gained 1)
You see here a +0 spear {polearm}.
s - 3 scrolls labelled TOIDOI XIXA (gained 1) Key pressed, stopping explore.
You see here a +0 plate armour.
You sense a monster nearby.
A bullfrog comes into view.
The bullfrog gives a loud, deep croak!
The bullfrog hits you but does no damage.
A bullfrog is nearby!
You hit the bullfrog.
The bullfrog hits you but does no damage.
You block the bullfrog's attack.
You slice the bullfrog!!
You kill the bullfrog!
Okawaru accepts your kill.
No target in view!
No target in view!
No target in view!
No target in view!
No target in view!
No target in view!
No target in view!
No target in view!
No target in view!
No target in view!
You see here a +0 dagger {short}.
Key pressed, stopping explore.
You open the gate.
A deep elf pyromancer comes into view. It is wielding a +0 short sword.
The deep elf pyromancer shouts!
The deep elf pyromancer points at you and mumbles some strange words.
The bolt of fire hits you.
There is an open gate here. šŸ˜• HP[-4]
You take 4 damage, and now have 75/79 hp.
You block the deep elf pyromancer's attack.
You closely miss the deep elf pyromancer.
The deep elf pyromancer hits you but does no damage.
You slice the deep elf pyromancer!!
You block the deep elf pyromancer's attack.
The deep elf pyromancer points at you and mumbles some strange words.
The bolt of fire hits you!!
You are too injured to fight recklessly! šŸ˜® HP[-26]
You take 26 damage, and now have 49/79 hp.
MASSIVE DAMAGE!! (PAUSE)
You slash the deep elf pyromancer!
The deep elf pyromancer hits you but does no damage.
You closely miss the deep elf pyromancer.
The deep elf pyromancer drinks a potion.
The deep elf pyromancer is healed!
You miss the deep elf pyromancer.
The deep elf pyromancer points at you and mumbles some strange words.
The bolt of fire hits you!!
* * * LOW HITPOINT WARNING * * *
You block the deep elf pyromancer's attack. šŸ˜Ø HP[-26]
You take 26 damage, and now have 23/79 hp.
MASSIVE DAMAGE!! (PAUSE)
You slash the deep elf pyromancer!
The deep elf pyromancer hits you but does no damage. šŸ˜Ø HP[+1]
You hit the deep elf pyromancer but do no damage.
The deep elf pyromancer gestures wildly while chanting.
You barely miss the deep elf pyromancer.
The deep elf pyromancer hits you with a +0 short sword.
* * * LOW HITPOINT WARNING * * *
You block the deep elf pyromancer's attack. šŸ˜Ø HP[-1]
You take 1 damage, and now have 23/79 hp.
Unknown command.
You hit the deep elf pyromancer. You slash the fire elemental!
The fire elemental hits you. The fire elemental burns you!
* * * LOW HITPOINT WARNING * * *
The fire elemental hits you. The fire elemental burns you!
* * * LOW HITPOINT WARNING * * *
The deep elf pyromancer gestures at you while chanting.
The bolt of fire hits you!
You die...

Skill      XL: |  1  2  3  4  5  6  7  8  9 10 |
---------------+-------------------------------+-----
Axes           | 3 4 5 6 7 8 |  8.5
Armour         | 4 5 6 7 |  7.1
Throwing       | 1 2 3 4 5 |  5.3
Fighting       | 4 5 6 7 |  7.1
Shields        | 5 6 8 |  8.6
Invocations    | 1 3 4 |  4.5

Action                   |  1- 3 |  4- 6 |  7- 9 | 10-12 || total
-------------------------+-------+-------+-------+-------++-------
Melee: War axe           |    54 |       |       |       ||    54
       Battleaxe         |    53 |   106 |   196 |    66 ||   421
Armor: Scale mail        |    74 |     3 |       |       ||    77
       Plate armour      |       |    63 |   119 |    23 ||   205
Dodge: Dodged            |    75 |    64 |   101 |    13 ||   253
Block: Buckler           |    40 |    41 |    64 |    35 ||   180
       Reflection        |       |       |     1 |       ||     1

Levels and vault maps discovered:
D:1:      lightli_iron_boxes, layout_basic
D:2:      layout_rooms, shapermc_ecumenical_altar_flowoftime
D:3:      layout_basic, uniq_natasha
D:4:      layout_rooms, serial_shops, nicolae_take_the_stairs,
          uniq_blork_the_orc
D:5:      layout_basic, minmay_temple_entry_stoned_glass, serial_shops,
          nicolae_lakefront_shop, grunt_ministairs_2,
          minmay_misc_feat_more_columns, kennysheep_generic_room_15
D:6:      layout_basic, serial_rivers, chequers_serial_rivers_small_a,
          chequers_serial_rivers_micro_c, chequers_serial_rivers_micro_d,
          chequers_serial_rivers_micro_b, chequers_serial_rivers_small_a
D:7:      layout_basic, chequers_temple_overflow_statue_of_worship,
          serial_shops, shop_statue, hellmonk_ghost_happy_afterlife,
          uniq_duvessa, uniq_joseph
D:8:      layout_loops_ring, amcnicky_altar_gilded, guppyfry_early_elven_hall,
          uniq_maurice

Notes
Turn   | Place    | Note
-------+----------+-------------------------------------------
     0 | D:1      | Sanktem7 the Formicid Fighter began the quest for the Orb.
     0 | D:1      | Reached XP level 1. HP: 18/18 MP: 1/1
     0 | D:1      | magus.rc [v1.9.6]
    10 | D:1      | You fall into a shaft and drop 1 floor!
   354 | D:2      | Reached XP level 2. HP: 19/24 MP: 2/2
   500 | D:2      | Found a faded altar of an unknown god.
   792 | D:2      | Reached XP level 3. HP: 29/29 MP: 3/3
  1133 | D:1      | Reached skill level 3 in Axes
  1133 | D:1      | Reached XP level 4. HP: 17/37 MP: 4/4
  1359 | D:1      | You pick up a book of Power and begin reading...
  1359 | D:1      | You add the spells Iskenderun's Battlesphere, Iron Shot and
                  | Spellforged Servitor to your library.
  1684 | D:3      | Found the +15 Maxwell's patent armour {-Cast -Tele rElec
                  | Will+ rCorr}
  1757 | D:3      | Noticed Natasha
  1769 | D:3      | Killed Natasha
  1770 | D:3      | Reached XP level 5. HP: 39/42 MP: 5/5
  1829 | D:3      | Noticed Natasha
  1835 | D:3      | Killed Natasha
  1836 | D:3      | Reached skill level 4 in Armour
  1852 | D:3      | Reached skill level 1 in Throwing
  2073 | D:3      | You pick up a book of Air and begin reading...
  2073 | D:3      | You add the spells Shock and Airstrike to your library.
  2191 | D:3      | Noticed Natasha
  2195 | D:3      | Killed Natasha
  2196 | D:3      | Reached skill level 4 in Fighting
  2321 | D:4      | Reached XP level 6. HP: 48/48 MP: 6/6
  2325 | D:4      | Found Kagucra's Armour Boutique.
  2368 | D:4      | Reached skill level 4 in Axes
  2368 | D:4      | Reached skill level 5 in Shields
  2637 | D:4      | Noticed Blork the orc
  2645 | D:4      | Killed Blork the orc
  2646 | D:4      | Reached skill level 2 in Throwing
  2646 | D:4      | Reached XP level 7. HP: 45/55 MP: 7/7
  2825 | D:5      | Entered Level 5 of the Dungeon
  2870 | D:5      | Found Ozadgha's Antique Armour Boutique.
  2988 | D:5      | Reached skill level 5 in Axes
  3034 | D:5      | Found a staircase to the Ecumenical Temple.
  3214 | D:5      | You add the spells Alistair's Intoxication, Borgnjor's Vile
                  | Clutch and Eringya's Noxious Bog to your library.
  3423 | D:5      | Reached skill level 5 in Fighting
  3423 | D:5      | Reached XP level 8. HP: 62/62 MP: 8/8
  3593 | D:5      | Reached skill level 5 in Armour
  3666 | D:5      | Reached skill level 6 in Shields
  3815 | D:6      | Reached skill level 3 in Throwing
  3993 | D:6      | You pick up a book of Lightning and begin reading...
  3993 | D:6      | You add the spells Static Discharge, Lightning Bolt and
                  | Maxwell's Capacitive Coupling to your library.
  4408 | D:6      | Reached skill level 6 in Axes
  4706 | D:7      | Found a runed translucent door.
  4706 | D:7      | Noticed Atreus's ghost (novice KoHu)
  4774 | D:7      | Found an iron altar of Okawaru.
  4775 | D:7      | Found an ornate altar of the Wu Jian Council.
  4776 | D:7      | Found a hide-covered altar of Uskayaw.
  4780 | D:7      | Became a worshipper of Warmaster Okawaru
  4987 | D:7      | Reached skill level 1 in Invocations
  4987 | D:7      | Reached XP level 9. HP: 69/69 MP: 9/9
  5004 | D:7      | Found Cyud's General Store.
  5029 | D:7      | Bought 2 potions of curing for 78 gold pieces
  5029 | D:7      | Bought a scroll of identify for 26 gold pieces
  5030 | D:7      | Identified the +1 scale mail of Varoxzih {+Blink Int+5}
  5046 | D:7      | Reached skill level 7 in Shields
  5052 | D:7      | Reached skill level 6 in Fighting
  5253 | D:7      | Reached skill level 4 in Throwing
  5253 | D:7      | Reached skill level 2 in Invocations
  5350 | D:7      | Noticed Joseph
  5366 | D:7      | Killed Joseph
  5366 | D:7      | Reached * piety under Okawaru
  5367 | D:7      | Reached skill level 7 in Axes
  5367 | D:7      | Reached skill level 6 in Armour
  5429 | D:7      | Noticed Duvessa
  5430 | D:7      | Noticed Dowan
  5434 | D:7      | Killed Duvessa
  5440 | D:7      | Killed Dowan
  5612 | D:7      | Identified the amulet "Kisy" {Reflect Int+4 SH+5}
  5973 | D:7      | HP: 16/69 [Atreus's ghost (4)]
  5975 | D:7      | Killed Atreus's ghost
  5976 | D:7      | Reached skill level 3 in Invocations
  6281 | D:8      | Found a basalt altar of Yredelemnul.
  6392 | D:8      | Noticed Maurice
  6411 | D:8      | Killed Maurice
  6411 | D:8      | Reached ** piety under Okawaru
  6412 | D:8      | Reached skill level 8 in Shields
  6412 | D:8      | Reached XP level 10. HP: 63/77 MP: 12/12
  6558 | D:8      | Reached skill level 8 in Axes
  6705 | D:8      | Reached skill level 5 in Throwing
  6705 | D:8      | Reached skill level 4 in Invocations
  6719 | D:8      | Reached skill level 7 in Fighting
  6726 | D:8      | Reached skill level 7 in Armour
  6748 | D:8      | Reached *** piety under Okawaru
  6970 | D:8      | Noticed a deep elf pyromancer
  6981 | D:8      | HP: 13/79 [fire elemental[a deep elf pyromancer] (11)]
  6981 | D:8      | Killed from afar by a deep elf pyromancer

Vanquished Creatures
  The ghost of Atreus the Skirmisher, a novice KoHu of Nemelex Xobeh (D:7)
  Maurice (D:8)
  Joseph (D:7)
  5 yaks (D:8)
  A wyvern (D:8)
  Duvessa (D:7)
  A sky beast (D:7)
  3 ogres
  2 kobold brigands
  A phantom (D:4)
  Blork the orc (D:4)
  3 bullfrogs
  A necrophage (D:6)
  2 scorpions
  5 wights (D:8)
  Dowan (D:7)
  4 howler monkeys
  3 jellies
  An orc priest (D:5)
  4 hounds
  2 gnoll boudas
  4 orc wizards
  2 iguanas (D:5)
  Natasha (thrice) (D:3)
  5 adders
  9 gnolls
  A shadow imp (D:7)
  2 white imps
  3 dart slugs
  24 orcs
  7 bats
  9 endoplasms
  4 giant cockroaches
  9 goblins
  6 hobgoblins
  7 jackals
  14 kobolds
  4 quokkas
  8 ball pythons
  2 frilled lizards
167 creatures vanquished.

Vanquished Creatures (others)
  2 demonic plants (D:2)
2 creatures vanquished.

Grand Total: 169 creatures vanquished

Table legend:
 A = Non-vault XP
 B = Vault XP
 C = Vault XP percentage of total XP
 D = Non-vault monster count
 E = Vault monster count
 F = Vault count percentage of total count
                 A         B        C        D         E       F
            +---------+---------+-------+---------+---------+-------
      Total |    4186 |    1804 |  30.1 |     156 |      11 |   6.6
            +---------+---------+-------+---------+---------+-------
        D:1 |      64 |       0 |   0.0 |      26 |       0 |   0.0
        D:2 |      32 |       0 |   0.0 |      17 |       0 |   0.0
        D:3 |      92 |      35 |  27.6 |      12 |       1 |   7.7
        D:4 |     252 |      91 |  26.5 |      25 |       1 |   3.8
        D:5 |     582 |      59 |   9.2 |      17 |       4 |  19.0
        D:6 |     493 |       0 |   0.0 |      15 |       0 |   0.0
        D:7 |     825 |    1211 |  59.5 |      24 |       4 |  14.3
        D:8 |    1846 |     408 |  18.1 |      20 |       1 |   4.8
            +---------+---------+-------+---------+---------+-------

Illustrated notes

Table legend:
 A = Kills in this place as a percentage of kills in entire the game.
 B = Kills by you in this place as a percentage of kills by you in the entire game.
 C = Kills by friends in this place as a percentage of kills by friends in the entire game.
 D = Other kills in this place as a percentage of other kills in the entire game.
 E = Experience gained in this place as a percentage of experience gained in the entire game.
 F = Experience gained in this place divided by the number of levels of this place that you have seen.
                   A       B       C       D       E      F
               +-------+-------+-------+-------+-------+----------------------
         Total | 100.0 | 100.0 |   N/A |   N/A | 100.0 | 748.8
       Dungeon | 100.0 | 100.0 |   N/A |   N/A | 100.0 | 748.8
               +-------+-------+-------+-------+-------+----------------------

Table legend: (Time is in decaauts)
 A = Elapsed time spent in this place.
 B = Non-inter-level travel time spent in this place.
 C = Inter-level travel time spent in this place.
 D = Time resting spent in this place.
 E = Time spent auto-exploring this place.
 F = Levels seen in this place.
 G = Mean time per level.
                   A        B        C        D        E       F      G
               +--------+--------+--------+--------+--------+-----+--------+
         Total |   7199 |   7017 |    182 |    255 |   5497 |   8 |  899.9 |
       Dungeon |   7199 |   7017 |    182 |    255 |   5497 |   8 |  899.9 |
               +--------+--------+--------+--------+--------+-----+--------+

Top non-repeatable levels by time:
     D:7: 1623 daAuts
     D:5: 1002 daAuts
     D:2: 958 daAuts
     D:6: 902 daAuts
     D:1: 747 daAuts
     D:8: 732 daAuts
     D:3: 626 daAuts
     D:4: 605 daAuts
